 Dungeon Crawl Stone Soup version 0.30-a0-728-gc68057be0a (webtiles) character file.

Game seed: 14277804181316454379

142 scionoferis the Ducker (level 4, -3/36 HPs)
             Began as a Demigod Hexslinger on Jan 30, 2023.
             Slain by a gnoll
             ... wielding a +0 flail
              (8 damage)
             ... on level 3 of the Dungeon.
             The game lasted 00:07:31 (2455 turns).

scionoferis the Ducker (Demigod Hexslinger)         Turns: 2455, Time: 00:07:31

Health: -3/36      AC:  2    Str: 11    XL:     4   Next: 74%
Magic:  8/8        EV: 13    Int: 15    God:
Gold:   116        SH:  0    Dex: 18    Spells: 4/5 levels left

rFire   . . .      SeeInvis .    a - +0 long sword
rCold   . . .      Faith    .    (no shield)
rNeg    . . .      Spirit   .    c - +0 robe
rPois   .          Reflect  .    (no helmet)
rElec   .          Harm     .    (no cloak)
rCorr   .          Rampage  .    (no gloves)
Will    .....                    (no boots)
Stlth   ++                       (no amulet)
HPRegen 0.26/turn                (no ring)
MPRegen 0.11/turn                (no ring)

@: no status effects
A: high MP 1, forlorn, divine attributes
a: no special abilities


You were on level 3 of the Dungeon.
You visited 1 branch of the dungeon, and saw 3 of its levels.

You collected 116 gold pieces.


Innate Abilities, Weirdness & Mutations

You have an increased reservoir of magic. (+10% MP)
You shall have no god before yourself.
Your divine heritage dramatically boosts your attributes as you level up.


   Skills:
 + Level 2.0 Fighting
 * Level 1.8 Long Blades
 - Level 1.7 Ranged Weapons
 * Level 3.2 Dodging
 + Level 1.7 Stealth
 - Level 1.0 Spellcasting
 - Level 2.6 Hexes


You had 4 spell levels left.
You knew the following spells:

 Your Spells              Type           Power      Damage    Failure   Level
a - Slow                  Hex            32%        N/A       9%          1

Your spell library contained the following spells:

 Spells                   Type           Power      Damage    Failure   Level
 Freeze                   Ice            0%         1d3       24%         1
 Inner Flame              Hex/Fire       4%         N/A       38%         3
 Portal Projectile        Hex/Tloc       8%         N/A       38%         3
 Frozen Ramparts          Ice            0%         1d1       58%         3
 Hailstorm                Conj/Ice       0%         3d3       58%         3
 Stone Arrow              Conj/Erth      0%         3d7       58%         3
 Cause Fear               Hex            4%         N/A       63%         4
 Animate Armour           Summ/Erth      0%         N/A       94%         4
 Lehudib's Crystal Spear  Conj/Erth      0%         10d2      100%        8

Inventory:

Hand Weapons
 a - a +0 long sword (weapon)
   (You found it on level 2 of the Dungeon)
 b - a +0 arbalest
   (You found it on level 2 of the Dungeon)
 d - a +1 dagger of draining
   (You took it off a goblin on level 1 of the Dungeon)
 q - a +1 sling
Missiles
 w - a boomerang of dispersal
Armour
 c - a +0 robe (worn)
 t - an orb of light
   (You found it on level 2 of the Dungeon)
Wands
 v - a wand of quicksilver (11)
   (You took it off Natasha on level 2 of the Dungeon)
Scrolls
 e - a scroll of poison
 k - a scroll of noise {unknown}
 m - a scroll of brand weapon
 n - a scroll of fear
 p - a scroll of enchant weapon
 r - a scroll of blinking
 s - a scroll of magic mapping
 u - a scroll of identify
Potions
 f - 2 potions of heal wounds {unknown}
 g - a potion of flight {unknown}
 h - a potion of brilliance {unknown}
 i - a potion of magic {unknown}
 j - 2 potions of resistance {unknown}
 l - a potion of mutation {unknown}
 o - a potion of haste {unknown}
 x - a potion of curing {unknown}

Dungeon Overview and Level Annotations

Branches:
Dungeon (3/15)

Shops:
D:1

(
###.#.................#
........#.#########..#
###......#.#########..#
##.###.#.#..........#
#####.#...#.#.##.....#.#
........#.#.# ##.....#.#
######†.#...#.##.....#(#
#..###...##.).....#
+..@g.............#
######.###†......##
............#
.g#....)...####
.+.........##.
g##.........'.
.############. .. #. ##.


You could see a gnoll.


Message History

Welcome, scionoferis the Demigod Hexslinger.
The fabled Orb of Zot lies far below, as if waiting for you to find it.
Press ? for a list of commands and other information.
Found a staircase leading out of the dungeon.
You open the large door.
There is a large open door here.
You open the door.
Found 5 stones.
You open the door.
Found 6 stones.
There is an open door here.
You open the door.
There is an open door here.
As you open the door, it creaks loudly!
You open the large door.
There is a large open door here.
There is an open door here.
You open the large door.
There is a large open door here.
You enter the shallow water.
Moving in this stuff is going to be slow.
A bat comes into view.
You shoot a sling bullet. The sling bullet misses the bat.
You shoot a sling bullet. The sling bullet barely misses the bat.
The bat closely misses you.
You shoot a sling bullet. The sling bullet hits the bat.
You kill the bat!
No target in view!
There is a fountain of clear blue water here.
d - a scroll labelled QIUHUV QIGOERO You now have 17 gold pieces.
A goblin comes into view. It is wielding a +0 club.
You shoot a sling bullet. The sling bullet hits the goblin.
The goblin shouts!
The goblin is severely wounded.
You hear an angry hiss.
You shoot a sling bullet.
The sling bullet barely misses the goblin.
You shoot a sling bullet. The sling bullet hits the goblin.
You kill the goblin!
Your Fighting skill increases to level 1!
You see here a +0 club.
You see here a +2 short sword of holy wrath.
e - a +2 short sword of holy wrath Adjust to which letter? (? for menu, Esc to quit)
a - a +2 short sword of holy wrath;
e - a +1 sling (weapon)
Adjust to which letter? (? for menu, Esc to quit)
b - a +1 sling (weapon);
e - a scroll of poison A hobgoblin comes into view.
You shoot a sling bullet. The sling bullet hits the hobgoblin.
The hobgoblin shouts!
The hobgoblin is lightly wounded.
A ball python comes into view.
You shoot a sling bullet.
The sling bullet barely misses the hobgoblin.
The ball python hisses angrily.
You hear a shout! x2
A rat comes into view.
You shoot a sling bullet. The sling bullet hits the hobgoblin.
You kill the hobgoblin!
A goblin comes into view. It is wielding a +0 club.
You shoot a sling bullet. The sling bullet hits the ball python.
You kill the ball python!
A goblin comes into view. It is wielding a +0 club.
Your Dodging skill increases to level 2!
You shoot a sling bullet. The sling bullet hits the goblin.
You kill the goblin!
You shoot a sling bullet. The sling bullet hits the rat.
You kill the rat!
You shoot a sling bullet. The sling bullet hits the goblin.
You kill the goblin!
No target in view!
A frilled lizard comes into view.
A frilled lizard is nearby!
You shoot a sling bullet.
The sling bullet misses the frilled lizard.
An endoplasm comes into view.
You shoot a sling bullet.
The sling bullet hits the frilled lizard!
You kill the frilled lizard!
You shoot a sling bullet. The sling bullet hits the endoplasm.
The endoplasm is almost dead.
You shoot a sling bullet.
The sling bullet barely misses the endoplasm.
You shoot a sling bullet.
The sling bullet barely misses the endoplasm.
You shoot a sling bullet. The sling bullet hits the endoplasm.
You kill the endoplasm!
Things that are here:
a +0 club; a goblin corpse
f - a ruby potion
Found a stone staircase leading down.
Found a faded altar of an unknown god.
Found a rapier.
Found Poryaxki's Antique Weapon Shop.
You see here a +0 rapier.
g - a +0 rapier
There is an abandoned shop here.
You now have 27 gold pieces (gained 10).
A bat comes into view.
You shoot a sling bullet. The sling bullet hits the bat.
You kill the bat!
No target in view!
No target in view!
There is an entrance to Poryaxki's Antique Weapon Shop here.
h - an amethyst potion
There is an entrance to Poryaxki's Antique Weapon Shop here.
You open the door.
There is an open door here.
Found a club.
i - a viscous puce potion As you open the door, it creaks loudly!
There is an open door here.
Found a stone.
Found a stone staircase leading down.
There is a stone staircase leading down here.
A quokka comes into view.
You shoot a sling bullet. The sling bullet hits the quokka.
The quokka is almost dead.
You shoot a sling bullet. The sling bullet hits the quokka.
You kill the quokka!
You have reached level 2!
A goblin comes into view. It is wielding a +0 club.
You shoot a sling bullet. The sling bullet hits the goblin.
The goblin shouts!
The goblin is heavily wounded.
You shoot a sling bullet.
The sling bullet closely misses the goblin.
You shoot a sling bullet. The sling bullet hits the goblin.
The goblin is severely wounded.
You shoot a sling bullet.
The sling bullet barely misses the goblin.
You shoot a sling bullet.
The sling bullet closely misses the goblin.
You shoot a sling bullet. The sling bullet misses the goblin.
The goblin hits you with a +0 club. x2
You shoot a sling bullet. The sling bullet hits the goblin!
You kill the goblin!
HP restored.
Things that are here:
a +0 club; a goblin corpse You see here a stone.
You open the door.
A bat comes into view.
You shoot a sling bullet. The sling bullet hits the bat.
The bat is severely wounded.
You shoot a sling bullet. The sling bullet barely misses the bat.
The bat barely misses you.
You shoot a sling bullet. The sling bullet hits the bat.
You kill the bat!
No target in view!
A rat and an endoplasm come into view.
The endoplasm quivers.
There is an open door here.
You shoot a sling bullet.
The sling bullet barely misses the endoplasm.
You shoot a sling bullet.
The sling bullet barely misses the endoplasm.
The sling bullet hits the rat.
You kill the rat!
You shoot a sling bullet. The sling bullet hits the endoplasm.
The endoplasm is moderately wounded.
You shoot a sling bullet.
The sling bullet barely misses the endoplasm.
You shoot a sling bullet.
The sling bullet barely misses the endoplasm.
The endoplasm freezes you.
You are frozen.
You shoot a sling bullet. The sling bullet hits the endoplasm.
The endoplasm is almost dead.
The endoplasm freezes you.
You are frozen.
The endoplasm freezes you.
You are frozen.
You are too injured to fight recklessly!
You are too injured to fight recklessly!
Fire: b) +1 sling
Press: ? - help, Q - select action, (/) - cycle Shift-Dir - straight line, f/p - endoplasm
Aim: an endoplasm (almost dead, 85% to hit)
You shoot a sling bullet. The sling bullet hits the endoplasm.
You kill the endoplasm!
Found a robe.
A hobgoblin comes into view.
You shoot a sling bullet. The sling bullet hits the hobgoblin.
The hobgoblin shouts!
The hobgoblin is heavily wounded.
You shoot a sling bullet. The sling bullet hits the hobgoblin.
You kill the hobgoblin!
No target in view!
No target in view!
No target in view!
A bat comes into view.
A ball python comes into view.
The bat moves out of view.
You shoot a sling bullet. The sling bullet hits the ball python.
The ball python is severely wounded.
A rat comes into view.
You shoot a sling bullet. The sling bullet hits the rat.
You kill the rat!
You shoot a sling bullet.
The sling bullet completely misses the ball python.
You shoot a sling bullet.
The sling bullet closely misses the ball python.
The ball python bites you but does no damage.
The ball python barely misses you. The ball python bites you.
The ball python closely misses you.
You shoot a sling bullet.
The sling bullet barely misses the ball python.
The bat hits you but does no damage. The ball python closely misses you.
The ball python grabs you. The ball python constricts you.
You shoot a sling bullet.
The sling bullet barely misses the ball python.
The bat hits you. The ball python bites you. The ball python constricts you.
The ball python barely misses you. The ball python constricts you.
You shoot a sling bullet. The sling bullet hits the ball python.
You kill the ball python!
The bat closely misses you.
You shoot a sling bullet. The sling bullet hits the bat.
You kill the bat!
No target in view!
No target in view!
You enter the shallow water.
Moving in this stuff is going to be slow.
There is a large open door here.
You open the door. You open the door.
There is an open door here.
You open the door.
There is an open door here.
You open the large door.
Found a club and 3 stones.
You open the door.
There is an open door here.
There is an open door here.
There is an open door here.
You open the door.
There is an open door here.
You open the door.
Found a stone staircase leading down.
There is an open door here.
You open the large door.
There is a large open door here.
You open the door.
There is a stone staircase leading down here.
There is an open door here.
There is a stone staircase leading down here.
There is an open door here.
There is an open door here.
You open the door.
There is an open door here.
You open the door.
There is a large open door here.
You enter the shallow water.
Moving in this stuff is going to be slow.
You see here a +0 club.
A rat comes into view.
You shoot a sling bullet.
The sling bullet closely misses the rat.
You shoot a sling bullet.
The sling bullet hits the rat but does no damage.
You shoot a sling bullet. The sling bullet hits the rat.
You kill the rat!
No target in view!
No target in view!
A rat comes into view.
You shoot a sling bullet. The sling bullet hits the rat.
You kill the rat!
No target in view!
No target in view!
j - a murky clear potion
d - 2 scrolls labelled QIUHUV QIGOERO (gained 1)
Found 3 boomerangs.
A goblin comes into view. It is wielding a +1 dagger of draining.
You shoot a sling bullet. The sling bullet hits the goblin.
The goblin shouts!
The goblin is heavily wounded.
You shoot a sling bullet.
The sling bullet closely misses the goblin.
The goblin hits you with a +1 dagger of draining.
You feel drained.
The goblin hits you with a +1 dagger of draining.
You feel drained.
You shoot a sling bullet.
The sling bullet barely misses the goblin.
The goblin hits you with a +1 dagger of draining.
You feel drained.
Your +2 short sword of holy wrath softly glows with a divine radiance!
a - a +2 short sword of holy wrath (weapon)
The goblin misses you.
You hit the goblin.
You kill the goblin!
Your Stealth skill increases to level 1!
Things that are here:
a +1 dagger of draining; a goblin corpse
k - a +1 dagger of draining Adjust to which letter? (? for menu, Esc to quit)
a - a +1 dagger of draining
k - a +2 short sword of holy wrath (weapon)
You see here 3 boomerangs.
A kobold comes into view. It is wielding a +0 club.
The kobold shouts!
Your +2 short sword of holy wrath stops glowing.
You sense an unholy aura.
a - a +1 dagger of draining (weapon)
b - a +1 sling (weapon)
The kobold throws a stone.
The stone hits you.
You sense an unholy aura.
a - a +1 dagger of draining (weapon)
The kobold closely misses you.
You miss the kobold. The kobold closely misses you.
You barely miss the kobold. The kobold closely misses you.
You hit the kobold. You drain the kobold.
You kill the kobold!
No target in view!
Search for what [? for help]? long Can't find anything matching that.
b - a +1 sling (weapon)
You now have 38 gold pieces (gained 11).
You see here 3 stones.
A bat comes into view.
You shoot a sling bullet.
The sling bullet hits the bat but does no damage.
You shoot a sling bullet.
The sling bullet closely misses the bat.
The bat closely misses you.
You shoot a sling bullet. The sling bullet barely misses the bat.
The bat completely misses you.
You shoot a sling bullet. The sling bullet misses the bat.
The bat barely misses you. x2
You shoot a sling bullet. The sling bullet hits the bat!
You kill the bat!
No target in view!
A ball python comes into view.
You shoot a sling bullet. The sling bullet hits the ball python.
You kill the ball python!
No target in view!
No target in view!
A giant cockroach comes into view.
You shoot a sling bullet.
The sling bullet hits the giant cockroach.
The giant cockroach is lightly wounded.
You shoot a sling bullet.
The sling bullet hits the giant cockroach.
The giant cockroach is severely wounded.
You shoot a sling bullet.
The sling bullet barely misses the giant cockroach.
You shoot a sling bullet.
The sling bullet hits the giant cockroach.
You kill the giant cockroach!
No target in view!
You see here a giant cockroach corpse.
A kobold comes into view. It is wielding a +0 dagger.
You shoot a sling bullet. The sling bullet hits the kobold.
You kill the kobold!
No target in view!
No target in view!
Things that are here:
a +0 dagger; a kobold corpse You pick up a book of Frost and begin reading...
You add the spells Freeze, Frozen Ramparts and Hailstorm to your library.
A sourceless malevolence fills the Dungeon...
You fall into a shaft and drop 1 floor!
The shaft crumbles and collapses.
Found three items.
Found two stone staircases leading up and a stone staircase leading down.
Found 14 gold pieces.
There is a stone staircase leading up here.
You climb upwards.
There is a stone staircase leading down here.
There is an open door here.
There is an open door here.
There is a large open door here.
You enter the shallow water.
Moving in this stuff is going to be slow.
Found 2 stones.
A goblin comes into view. It is wielding a +0 club.
You shoot a sling bullet. The sling bullet hits the goblin.
You kill the goblin!
No target in view!
No target in view!
You see here 2 stones.
You see here 2 stones.
There is an open door here.
You now have 54 gold pieces (gained 16).
You see here a +0 club.
There is a dry fountain here.
Done exploring.
Done exploring.
There is a stone staircase leading down here.
Search for what [Enter for "long", or ? for help]? d: You climb downwards.
Found 2 scrolls labelled QIUHUV QIGOERO.
There is a stone staircase leading up here.
You sense an unholy aura.
a - a +1 dagger of draining (weapon)
The helpless bat fails to defend itself.
You hit the bat.
You kill the bat!
Natasha, Servant of Life and Death comes into view.
The bat barely misses you.
You hit the bat.
The bat is severely wounded.
The bat barely misses you.
You hit the bat.
You kill the bat!
You see here a bat corpse.
Natasha hisses angrily.
Natasha closely misses you.
You hit Natasha.
Natasha is lightly wounded.
Natasha casts a spell at you.
You feel yourself slow down.
You barely miss Natasha.
Natasha is lightly wounded.
Natasha claws you.
You closely miss Natasha.
Natasha is lightly wounded.
Natasha claws you. Natasha barely misses you.
You hit Natasha. You drain Natasha.
Natasha is heavily wounded.
Natasha misses you.
You closely miss Natasha.
Natasha is moderately wounded.
Natasha claws you. x2
You closely miss Natasha.
Natasha is moderately wounded.
Natasha misses you.
You closely miss Natasha.
Natasha is moderately wounded.
Natasha claws you. x2
* * * LOW HITPOINT WARNING * * *
You closely miss Natasha.
Natasha is moderately wounded.
Natasha closely misses you.
You closely miss Natasha.
Natasha is moderately wounded.
Natasha completely misses you.
Natasha mumbles some strange words.
Natasha shimmers violently.
Natasha completely misses you.
You hit Natasha. You drain Natasha.
Natasha is almost dead.
Natasha misses you.
You hit Natasha. You drain Natasha.
You kill Natasha!
Natasha yowls pathetically as she dies!
You feel yourself speed up.
Your life force feels restored.
You have reached level 3!
Your experience leads to a dramatic increase in your attributes!
Increase (S)trength, (I)ntelligence, or (D)exterity?
You feel agile. x4
There is a stone staircase leading up here.
You climb upwards.
There is a stone staircase leading down here.
You start resting.
HP restored.
You climb downwards.
There is a stone staircase leading up here.
b - a +1 sling (weapon)
You see here a bat corpse.
d - 4 scrolls labelled QIUHUV QIGOERO (gained 2)
You see here a bat corpse.
There is a stone staircase leading up here.
Found a club.
A kobold comes into view. It is wielding a +0 short sword.
You shoot a sling bullet.
The sling bullet barely misses the kobold.
The kobold shouts!
The kobold throws a stone.
The stone hits you.
You shoot a sling bullet.
The sling bullet barely misses the kobold.
No target in view!
A kobold is nearby!
You shoot a sling bullet. The sling bullet hits the kobold.
The kobold is severely wounded.
The kobold throws a stone.
The stone barely misses you.
No target in view!
A kobold is nearby!
You shoot a sling bullet.
The sling bullet closely misses the kobold.
A kobold is nearby!
You shoot a sling bullet.
The sling bullet closely misses the kobold.
The kobold throws a stone.
The stone barely misses you.
You shoot a sling bullet.
The sling bullet hits the kobold but does no damage.
The kobold is severely wounded.
The kobold hits you with a +0 short sword.
You sense an unholy aura.
a - a +1 dagger of draining (weapon)
You miss the kobold.
The kobold is severely wounded.
The kobold hits you but does no damage.
You barely miss the kobold.
The kobold is severely wounded.
The kobold hits you with a +0 short sword.
You hit the kobold.
You kill the kobold!
No target in view!
b - a +1 sling (weapon)
HP restored.
Natasha, Servant of Life and Death comes into view.
She is carrying a wand of quicksilver (13).
Natasha moves out of view.
l - a sedimented blue potion
There is a stone staircase leading down here.
m - a scroll labelled WEGUELO QAXTA
n - a scroll labelled ZAINIM ILLEZUCZO
Found a dagger.
You now have 68 gold pieces (gained 14).
Found an arbalest.
o - a brown potion
p - a scroll labelled WUKHLY WEHEGORI You see here a +0 arbalest.
q - a +0 arbalest Adjust to which letter? (? for menu, Esc to quit)
b - a +0 arbalest;
q - a +1 sling (weapon)
Okay, then.
You sense an unholy aura.
a - a +1 dagger of draining (weapon)
b - a +0 arbalest (weapon)
You now have 83 gold pieces (gained 15).
You see here a +0 dagger of venom.
A rat comes into view.
You shoot a bolt. The bolt hits the rat!
You kill the rat!
A kobold comes into view. It is wielding a +0 short sword.
Found a war axe.
You shoot a bolt. The bolt hits the kobold!!
You kill the kobold!
A ball python comes into view.
You shoot a bolt. The bolt hits the ball python!
You kill the ball python!
r - a scroll labelled HICYXOF LEMO
j - 2 murky clear potions (gained 1)
s - a scroll labelled SUYHOTEMNU You see here an orb of light.
t - an orb of light
f - 2 ruby potions (gained 1)
A giant cockroach comes into view.
You shoot a bolt. The bolt hits the giant cockroach!
You kill the giant cockroach!
Found an escape hatch in the floor.
There is an open door here.
A quokka comes into view.
You shoot a bolt. The bolt hits the quokka!
You kill the quokka!
Your Long Blades skill increases to level 1!
Found a stone staircase leading down.
Found 5 stones.
Found a club.
A ball python comes into view.
You shoot a bolt. The bolt hits the ball python!
You kill the ball python!
You open the door.
There is an open door here.
Found an escape hatch in the ceiling.
Found a stone staircase leading down.
No target in view!
d - 5 scrolls labelled QIUHUV QIGOERO (gained 1)
You now have 88 gold pieces (gained 5).
An adder comes into view.
You shoot a bolt.
The bolt hits the adder but does no damage.
The adder hisses angrily.
You shoot a bolt. The bolt closely misses the adder.
You shoot a bolt. The bolt closely misses the adder.
The adder bites you.
You sense an unholy aura.
a - a +1 dagger of draining (weapon)
The adder barely misses you.
You hit the adder. You drain the adder.
The adder is severely wounded.
The adder closely misses you.
You hit the adder.
The adder is almost dead.
The adder bites you but does no damage. The adder misses you.
You hit the adder.
You kill the adder!
b - a +0 arbalest (weapon)
Found a sling.
Found a long sword.
An endoplasm comes into view.
Found 7 gold pieces.
You shoot a bolt.
The bolt completely misses the endoplasm.
The endoplasm quivers.
You shoot a bolt. The bolt hits the endoplasm!!
You kill the endoplasm!
You see here a +0 long sword.
u - a +0 long sword You see here a +0 sling.
You now have 95 gold pieces (gained 7).
Found a plate armour.
d - 6 scrolls labelled QIUHUV QIGOERO (gained 1)
There is a stone staircase leading down here.
You shoot a bolt.
Natasha hisses angrily.
The bolt hits Natasha!!
You kill Natasha!
Natasha yowls pathetically as she dies!
Your Dodging skill increases to level 3!
You have reached level 4!
Done exploring.
Done exploring.
Natasha, Servant of Life and Death comes into view.
She is carrying a wand of quicksilver (13).
You shoot a bolt.
Natasha hisses angrily.
The bolt hits Natasha but does no damage.
Natasha howls an incantation.
You feel troubled.
You shoot a bolt. The bolt closely misses Natasha.
Natasha stares at you and mumbles some strange words.
The magic dart hits you.
You shoot a bolt. The bolt hits Natasha.
Natasha is moderately wounded.
Natasha zaps a wand.
The bolt of dispelling energy hits you!
You are too injured to fight recklessly!
Fire: b) +0 arbalest
Press: ? - help, Q - select action, (/) - cycle Shift-Dir - straight line, f/p - Natasha
Aim: Natasha, carrying a wand of quicksilver (12) (moderately wounded, 45% to hit)
You shoot a bolt. The bolt hits Natasha.
Natasha is heavily wounded.
Natasha mumbles some strange words.
You feel disoriented.
Natasha mumbles some strange words.
Natasha howls an incantation.
You feel troubled.
Natasha stares at you and mumbles some strange words.
You feel yourself slow down.
Natasha zaps a wand.
The bolt of dispelling energy misses you.
Natasha casts a spell at you. The magic dart hits you!
* * * LOW HITPOINT WARNING * * *
There is a stone staircase leading down here.
There is an escape hatch in the ceiling here.
Natasha stares at you and mumbles some strange words.
The magic dart hits you!
* * * LOW HITPOINT WARNING * * *
A mysterious force pulls you upwards. The hatch slams shut behind you.
You start resting.
You feel yourself speed up.
You start resting.
HP restored.
Done exploring.
There is an open door here.
There is a stone staircase leading down here.
You climb downwards.
Level annotation: Natasha
There is a stone staircase leading up here.
Done exploring.
As you read the scroll labelled QIUHUV QIGOERO, it crumbles to dust.
It is a scroll of identify.
m - a scroll of brand weapon
As you read the scroll of identify, it crumbles to dust.
n - a scroll of fear
As you read the scroll of identify, it crumbles to dust.
p - a scroll of enchant weapon
As you read the scroll of identify, it crumbles to dust.
r - a scroll of blinking
As you read the scroll of identify, it crumbles to dust.
s - a scroll of magic mapping Done exploring.
There is a stone staircase leading up here.
Press: ? - help, v - describe, . - travel, g - get item Item here: a +0 dagger of venom.
The floor.
Unknown command.
Unknown command.
You see here a +0 short sword.
There is an open door here.
You see here 5 stones.
There is an open door here.
Natasha is nearby!
You shoot a bolt. The bolt closely misses Natasha.
Natasha hisses angrily.
Natasha mumbles some strange words.
You shoot a bolt. The bolt misses Natasha.
Fire: b) +0 arbalest
Press: ? - help, Q - select action, (/) - cycle Shift-Dir - straight line, f/p - Natasha
Aim: Natasha, carrying a wand of quicksilver (11) (45% to hit)
You shoot a bolt. The bolt hits Natasha!!
You kill Natasha!
You feel Natasha's spirit has finally been put to rest.
The crimson imp disappears in a puff of smoke!
v - a wand of quicksilver (11) Unknown command.
Adjust to which letter? (? for menu, Esc to quit)
d - a +1 dagger of draining;
a - a scroll of identify Adjust to which letter? (? for menu, Esc to quit)
a - a +0 long sword;
u - a scroll of identify Unknown command.
You drop a +0 rapier.
Unknown command.
You drop a +2 short sword of holy wrath.
Unknown command.
There is a stone staircase leading down here.
You climb downwards.
Found a book of Armaments and 10 gold pieces.
There is a stone staircase leading up here.
Found a stone staircase leading up.
You pick up a book of Armaments and begin reading...
You add the spells Stone Arrow, Animate Armour and Lehudib's Crystal Spear to your library.
You now have 105 gold pieces (gained 10).
Found a stone staircase leading down.
g - a green potion
Found 6 stones.
Found a stone staircase leading down.
Found a burning altar of Makhleb.
You now have 116 gold pieces (gained 11).
A giant cockroach comes into view.
You shoot a bolt. The bolt hits the giant cockroach.
You kill the giant cockroach!
A hobgoblin comes into view.
You shoot a bolt. The bolt hits the hobgoblin!
You kill the hobgoblin!
Your Fighting skill increases to level 2!
You open the door.
Found a falchion.
There is an open door here.
A rat comes into view.
You shoot a bolt.
The bolt hits the rat but does no damage.
You shoot a bolt. The bolt closely misses the rat.
a - a +0 long sword (weapon)
You slash the rat!
You kill the rat!
No target in view!
b - a +0 arbalest (weapon)
Found 8 stones.
k - a scroll labelled HUS AJERGHUSEDE An orc comes into view.
It is wielding a +0 flail and quivering boomerangs of dispersal.
Found a yellow potion.
You shoot a bolt. The bolt hits the orc.
The orc shouts!
The orc is severely wounded.
The orc throws a boomerang of dispersal.
The boomerang of dispersal hits you.
You blink.
You shoot a bolt. The bolt barely misses the orc.
A quokka comes into view.
The orc throws a boomerang of dispersal.
The boomerang of dispersal barely misses you.
You shoot a bolt. The bolt hits the orc.
You kill the orc!
You shoot a bolt. The bolt hits the quokka!
You kill the quokka!
Items here: ( ) [ †.
w - a boomerang of dispersal
x - a yellow potion A worm comes into view.
You shoot a bolt. The bolt hits the worm!
The worm is moderately wounded.
You shoot a bolt. The bolt hits the worm.
The worm is heavily wounded.
You shoot a bolt. The bolt barely misses the worm.
You shoot a bolt. The bolt barely misses the worm.
a - a +0 long sword (weapon)
You barely miss the worm.
The worm is moderately wounded.
The worm barely misses you.
You hit the worm.
The worm is severely wounded.
The worm barely misses you.
You barely miss the worm.
The worm is heavily wounded.
The worm bites you but does no damage.
You slash the worm!
You kill the worm!
No target in view!
b - a +0 arbalest (weapon)
A rat comes into view.
You shoot a bolt. The bolt closely misses the rat.
You shoot a bolt. The bolt barely misses the rat.
You shoot a bolt. The bolt closely misses the rat.
You shoot a bolt. The bolt closely misses the rat.
The rat bites you but does no damage.
a - a +0 long sword (weapon)
The rat barely misses you.
You slash the rat!
You kill the rat!
No target in view!
No target in view!
b - a +0 arbalest (weapon)
2 gnolls come into view.
The gnoll shouts!
You hear a shout!
The gnoll shouts!
A gnoll comes into view. It is wielding a +0 spear.
The gnoll moves out of view.
You shoot a bolt. The bolt closely misses the gnoll.
You hear a shout!
A gnoll comes into view. It is wielding a +0 flail.
You shoot a bolt. The bolt closely misses the gnoll.
You shoot a bolt. The bolt hits the gnoll!
You kill the gnoll!
You shoot a bolt. The bolt closely misses the gnoll.
The gnoll hits you with a +0 flail! x2
a - a +0 long sword (weapon)
You are too injured to fight recklessly!
You are too injured to fight recklessly!
You hit the gnoll.
The gnoll is moderately wounded.
The gnoll hits you with a +0 flail!
* * * LOW HITPOINT WARNING * * *
You closely miss the gnoll.
The gnoll is moderately wounded.
The gnoll misses you. The gnoll hits you with a +0 flail!
You die...

Skill      XL: |  1  2  3  4 |
---------------+-------------+-----
Fighting       | 1 2 |  2.0
Dodging        | 2 3 |  3.2
Stealth        | 1 |  1.7
Long Blades    | 1 |  1.8
Ranged Weapons | |  1.7
Spellcasting   | |  1.0
Hexes          | |  2.6

Action                     |  1- 3 |  4- 6 || total
---------------------------+-------+-------++-------
  Melee: Dagger            |    23 |       ||    23
         Short sword       |     1 |       ||     1
         Long sword        |       |     8 ||     8
   Fire: Sling             |    74 |       ||    74
         Arbalest          |    12 |    27 ||    39
    Use: Scroll            |       |     5 ||     5
   Stab: Sleeping          |     1 |       ||     1
 Armour: Robe              |     4 |     2 ||     6
  Dodge: Dodged            |    30 |     6 ||    36

Levels and vault maps discovered:
D:1:      dpeg_arrival_castle, layout_basic, serial_shops, nicolae_shop_trees,
          ebering_ecumenical_altar_abandoned, minivault_23
D:2:      layout_basic, uniq_natasha
D:3:      layout_basic, overflow_temple_1_default,
          mainiacjoe_overflow_boulevard, kennysheep_another_room

Notes
Turn   | Place    | Note
-------+----------+-------------------------------------------
     0 | D:1      | scionoferis the Demigod Hexslinger began the quest for the
                  | Orb.
     0 | D:1      | Reached XP level 1. HP: 15/15 MP: 4/4
    69 | D:1      | Reached skill level 1 in Fighting
    87 | D:1      | Reached skill level 2 in Dodging
   123 | D:1      | Found Poryaxki's Antique Weapon Shop.
   334 | D:1      | Reached XP level 2. HP: 23/23 MP: 5/5
   699 | D:1      | Reached skill level 1 in Stealth
   963 | D:1      | You fall into a shaft and drop 1 floor!
  1173 | D:2      | Noticed Natasha
  1190 | D:2      | Killed Natasha
  1191 | D:2      | Reached XP level 3. HP: 9/28 MP: 6/6
  1348 | D:2      | Noticed Natasha
  1602 | D:2      | Reached skill level 1 in Long Blades
  1781 | D:2      | Killed Natasha
  1782 | D:2      | Reached skill level 3 in Dodging
  1782 | D:2      | Reached XP level 4. HP: 36/36 MP: 8/8
  1879 | D:2      | Noticed Natasha
  1886 | D:2      | HP: 3/36 [Natasha/magic dart (7)]
  2192 | D:2      | Killed Natasha
  2346 | D:3      | Reached skill level 2 in Fighting
  2455 | D:3      | Slain by a gnoll

Vanquished Creatures
  Natasha (thrice) (D:2)
  A gnoll (D:3)
  An adder (D:2)
  A worm (D:3)
  An orc (D:3)
  7 bats (D:1 D:2)
  3 endoplasms (D:1 D:2)
  3 giant cockroaches (D:1 D:2 D:3)
  3 hobgoblins (D:1 D:3)
  3 quokkas (D:1 D:2 D:3)
  5 ball pythons (D:1 D:2)
  A frilled lizard (D:1)
  6 goblins (D:1)
  4 kobolds (D:1 D:2)
  8 rats (D:1 D:2 D:3)
50 creatures vanquished.

Table legend: (Time is in decaauts)
 A = Elapsed time spent in this place.
 B = Non-inter-level travel time spent in this place.
 C = Inter-level travel time spent in this place.
 D = Time resting spent in this place.
 E = Time spent auto-exploring this place.
 F = Levels seen in this place.
 G = Mean time per level.
                   A        B        C        D        E       F      G
               +--------+--------+--------+--------+--------+-----+--------+
         Total |   2521 |   2231 |    290 |    196 |   1648 |   3 |  840.3 |
       Dungeon |   2521 |   2231 |    290 |    196 |   1648 |   3 |  840.3 |
               +--------+--------+--------+--------+--------+-----+--------+

Top non-repeatable levels by time:
     D:1: 1413 daAuts
     D:2: 845 daAuts
     D:3: 263 daAuts

Table legend:
 A = Non-vault XP
 B = Vault XP
 C = Vault XP percentage of total XP
 D = Non-vault monster count
 E = Vault monster count
 F = Vault count percentage of total count
                 A         B        C        D         E       F
            +---------+---------+-------+---------+---------+-------
      Total |     170 |      33 |  16.3 |      49 |       1 |   2.0
            +---------+---------+-------+---------+---------+-------
        D:1 |      40 |       0 |   0.0 |      28 |       0 |   0.0
        D:2 |      99 |      33 |  25.0 |      13 |       1 |   7.1
        D:3 |      31 |       0 |   0.0 |       8 |       0 |   0.0
            +---------+---------+-------+---------+---------+-------
